 Dungeon Crawl Stone Soup version 0.20.1-1-g8b1a95d (webtiles) character file.

140 Peloso the Shield-Bearer (level 5, -2/49 HPs)
             Began as a Deep Dwarf Fighter on Aug 15, 2017.
             Killed by divine providence
             ... invoked by an orc priest
              (9 damage)
             ... on level 3 of the Dungeon.
             The game lasted 00:04:27 (1597 turns).

Peloso the Shield-Bearer (Deep Dwarf Fighter)       Turns: 1597, Time: 00:04:28

Health: -2/49      AC: 12    Str: 21    XL:     5   Next: 2%
Magic:  4/4        EV:  4    Int:  8    God:
Gold:   189        SH:  9    Dex: 12    Spells: 4/4 levels left

rFire    + . .     SeeInvis .   a - +0 long sword
rCold    . . .     Gourm    .   c - +0 shield
rNeg     . . .     Faith    .   j - +0 plate armour (curse)
rPois    .         Spirit   .   (no helmet)
rElec    .         Reflect  .   s - scarf {repulsion}
rCorr    .         Harm     .   o - +0 pair of gloves
MR       .....                  (no boots)
Stlth    ..........             (no amulet)
Regen    0.0/turn               h - ring of protection from fire
MPRegen  0.1/turn               (no ring)

@: non-regenerating, repel missiles
A: damage resistance, heal wounds, sense surroundings 1, no regeneration
a: Heal Wounds


You were on level 3 of the Dungeon.
You were very hungry.

You visited 1 branch of the dungeon, and saw 3 of its levels.

You collected 189 gold pieces.

Inventory:

Hand Weapons
 a - a +0 long sword (weapon)
Armour
 b - a +0 scale mail
 c - a +0 shield (worn)
 j - a cursed +0 plate armour (worn)
 o - a +0 pair of gloves (worn)
 s - a scarf of repulsion (worn)
Jewellery
 h - a ring of protection from fire (left hand)
Scrolls
 g - 7 scrolls of identify {unknown}
 i - 2 scrolls of enchant weapon {unknown}
 k - 3 scrolls of remove curse {unknown}
 n - a scroll of amnesia {unknown}
Potions
 d - 4 potions of might
 e - a potion of ambrosia {unknown}
 l - a potion of lignification {unknown}
 m - a potion of haste {unknown}
 q - a potion of degeneration {unknown}
Comestibles
 f - 2 bread rations
 p - a royal jelly
 r - 4 fruits
 t - a meat ration


   Skills:
 + Level 3.4 Fighting
 + Level 3.1 Long Blades
 + Level 4.0 Armour
 + Level 1.4 Dodging
 + Level 0.3 Stealth
 + Level 4.0 Shields


You had 4 spell levels left.
You didn't know any spells.

Dungeon Overview and Level Annotations

Branches:
Dungeon (3/15)

Altars:


Innate Abilities, Weirdness & Mutations

You are resistant to damage.
You can heal yourself by infusing magical energy.
You passively map a small area around you.
You do not regenerate.


Message History

The orc priest calls upon Beogh to heal the orc.
The orc's wounds heal themselves!
You closely miss the orc priest.
The orc priest is moderately wounded.
You block the orc's attack. The orc priest hits you with a whip.
* * * LOW HITPOINT WARNING * * *
Unknown command.
You are feeling very hungry.
You hit the orc priest.
The orc priest is heavily wounded.
You block the orc's attack.
You barely miss the orc priest.
The orc priest is heavily wounded.
The orc completely misses you.
You riposte.
Your plate armour prevents you from hitting the orc.
The orc priest hits you with a whip. The orc hits you but does no damage.
You block the orc's attack.
The orc priest calls down the wrath of Beogh upon you.
Beogh smites you!
You die...

, #...........# , ,
##........#.. * **
##........### ##
#..........#
...#######..........#
....##?...........#
####....#..........#
####..oo$†.#..........##
......o@................
####.#####.###......####
, * * #.# ######## , *
#.., * , * ###. , , * *
* * , ,.. ,, , .. * ###
,, *


You could see an orc priest and 2 orcs.

Vanquished Creatures
  An iguana (D:2)
  5 adders
  2 worms
  A dart slug (D:1)
  A leopard gecko (D:1)
  2 orcs (D:3)
  5 giant cockroaches
  13 goblins
  6 hobgoblins
  10 bats
  6 frilled lizards
  5 kobolds
  5 rats
62 creatures vanquished.

Notes
Turn   | Place    | Note
-------+----------+-------------------------------------------
     0 | D:1      | Peloso the Deep Dwarf Fighter began the quest for the Orb.
     0 | D:1      | Reached XP level 1. HP: 20/20 MP: 1/1
   256 | D:1      | Reached XP level 2. HP: 25/27 MP: 2/2
   278 | D:1      | Reached skill level 1 in Dodging
   520 | D:1      | Reached XP level 3. HP: 17/34 MP: 3/3
  1014 | D:2      | Reached XP level 4. HP: 17/42 MP: 4/4
  1552 | D:3      | Reached XP level 5. HP: 32/49 MP: 4/4
  1597 | D:3      | Killed from afar by an orc priest

Skill      XL: |  1  2  3  4  5 |
---------------+----------------+-----
Dodging        | 1 |  1.4
Fighting       | 3 |  3.4
Shields        | 4 |  4.0
Long Blades    | 3 |  3.1
Armour         | 4 |  4.0
Stealth        | |  0.3

Action                   |  1- 3 |  4- 6 || total
-------------------------+-------+-------++-------
Melee: Long sword        |   144 |   125 ||   269
 Abil: Heal Wounds       |       |     1 ||     1
  Eat: Chunk             |       |     2 ||     2
Armor: Scale mail        |    65 |       ||    65
       Plate armour      |    26 |    77 ||   103
Dodge: Dodged            |    44 |    25 ||    69
Block: Shield            |    75 |    82 ||   157
       Rpst.: Long sword |    10 |    12 ||    22
